 Dungeon Crawl Stone Soup version 0.16.1-18-g436b03c (webtiles) character file.

46 drasked the Ruffian (level 3, -4/36 HPs)
             Began as a Troll Monk on May 14, 2015.
             Slain by a gnoll
             ... wielding a +0 halberd
              (9 damage)
             ... on level 2 of the Dungeon.
             The game lasted 00:02:31 (817 turns).

drasked the Ruffian (Troll Monk)                     Turns: 817, Time: 00:02:31

Health: -4/36      AC:  5    Str: 20    XL:     3   Next: 44%
Magic:  2/2        EV: 10    Int:  6    God:
Gold:   23         SH:  0    Dex: 12    Spells: 0 memorised, 2 levels left

rFire  . . .     SeeInvis .       - Unarmed
rCold  . . .     Clarity  .     a - +0 robe
rNeg   . . .     SustAb   .     (shield restricted)
rPois  .         Gourm    +     (helmet restricted)
rElec  .         Spirit   .     (no cloak)
rCorr  .         Warding  .     (gloves unavailable)
rMut   .         Stasis   .     (boots unavailable)
MR     .....                    (no amulet)
Stlth  +.........               (no ring)
                                (no ring)

@: starving, not resistant to hostile enchantments, very unstealthy
A: unfitting armour, claws 3, fast metabolism 3, gourmand, regeneration 2,
shaggy fur 1, tough skin 2
a: no special abilities


You were on level 2 of the Dungeon.
You were starving.

You visited 1 branch of the dungeon, and saw 2 of its levels.

You collected 23 gold pieces.

Inventory:

Armour
 a - a +0 robe (worn)
Scrolls
 c - a scroll of identify {unknown}
 i - a scroll of blinking {unknown}
Potions
 d - a potion of brilliance {unknown}
 e - 2 potions of invisibility {unknown}
 f - a potion of restore abilities {unknown}
 h - a potion of resistance {unknown}
Comestibles
 b - 2 meat rations {@e2}
 g - a beef jerky


   Skills:
 - Level 2.4 Fighting
 - Level 2.4 Dodging
 - Level 1.1 Stealth
 + Level 5.2 Unarmed Combat


You had 2 spell levels left.
You didn't know any spells.

Dungeon Overview and Level Annotations

Branches:
Dungeon (2/15)

Altars:
Ashenzari


Innate Abilities, Weirdness & Mutations

You are too large for most types of armour.
You have claws for hands.
Your metabolism is lightning-fast.
You like to eat raw meat.
You heal very quickly.
You are covered in fur (AC +1).
You have very tough skin (AC +2).


Message History

The kobold throws a stone.
The stone hits you but does no damage. The kobold hits you but does no damage.
You scratch the kobold.
You kill the kobold!
Things that are here:
a dagger; a kobold corpse
Things that are here:
a dagger; a kobold corpse You butcher the kobold corpse.
There isn't anything to butcher here.
g - a chunk of flesh {@w0}
Things that are here:
4 stones; a club There isn't anything to butcher here.
There isn't anything to butcher here.
Eating a chunk of flesh {@w0}.
This raw flesh tastes great.
You are near starving!
You continue eating. x2
Eat which item? (? for menu, Esc to quit)
Okay, then.
You may need something to eat soon, looking for food.
Can't find anything matching that.
Sorry, you're not good enough to have a special ability.
Things that are here:
a dagger; a poisonous chunk of flesh {@w0}
g - a beef jerky
h - a dark potion You open the door.
There is an open door here.
You are starving!
You see here 6 bolts of flame.
You need to eat something NOW!
You may need something to eat soon, looking for food.
Can't find anything matching that.
Sorry, you're not good enough to have a special ability.
You need to eat something NOW!
You open the door.
There is an open door here.
i - a scroll labeled ONGUCUTAAM As you open the door, it creaks loudly!
A kobold comes into view.
It is wielding an enchanted short sword.
The kobold shouts!
There is an open door here.
The kobold hits you with an enchanted short sword.
A gnoll comes into view.
You take 1 damage, and have 28/29 hp.
The kobold closely misses you.
A gnoll comes into view. It is wielding a spear.
You miss the kobold.
Health restored: 29 The gnoll shouts!
You scratch the kobold but do no damage.
The kobold barely misses you.
You closely miss the kobold. The kobold closely misses you.
You scratch the kobold.
You kill the kobold!
Things that are here:
an enchanted short sword; a kobold corpse The gnoll hits you from afar with a spear!
You take 7 damage, and have 22/29 hp.
MASSIVE DAMAGE!!
You scratch the gnoll but do no damage.
The gnoll hits you from afar with a spear.
The gnoll completely misses you.
You take 2 damage, and have 20/29 hp.
You scratch the gnoll.
The gnoll begins to bleed from its wounds!
The gnoll hits you but does no damage.
You scratch the gnoll but do no damage. The gnoll barely misses you.
The gnoll hits you from afar with a spear.
A gnoll comes into view. It is wielding a halberd.
You take 2 damage, and have 18/29 hp.
You scratch the gnoll but do no damage. The gnoll misses you.
You claw the gnoll!
You kill the gnoll!
Your Unarmed Combat skill increases to level 5!
You have reached level 3!
Your experience leads to an increase in your attributes!
Increase (S)trength, (I)ntelligence, or (D)exterity?
You feel stronger. x2
The gnoll hits you from afar with a spear.
MP restored: 2 The gnoll barely misses you.
You scratch the gnoll but do no damage. The gnoll hits you with a spear!
* * * LOW HITPOINT WARNING * * *
You take 9 damage, and have 10/36 hp.
MASSIVE DAMAGE!!
You barely miss the gnoll. The gnoll hits you with a spear.
* * * LOW HITPOINT WARNING * * *
You take 5 damage, and have 5/36 hp.
You claw the gnoll!
You kill the gnoll!
The gnoll barely misses you. The gnoll hits you with a halberd.
* * * LOW HITPOINT WARNING * * *
You see here a spear.
You take 2 damage, and have 4/36 hp.
The gnoll hits you but does no damage.
The gnoll hits you from afar with a halberd!
You die...

####### #
##.....############
#.#......'..........#
.###?#.....)###........#
........g)..###........#
..............##........#
........@.....##........'
#..............#........#
............#.#........#
####.##.%...#..........#
#+ #.....##.........#
.....!.....#######
....#####.. ?...# ... ...
.


You could see a gnoll.

Vanquished Creatures
  2 gnolls (D:2)
  A giant gecko (D:1)
  2 hobgoblins
  4 jackals (D:1)
  5 kobolds
  A bat (D:1)
  A giant cockroach (D:1)
  2 giant newts (D:1)
  6 goblins (D:1)
  2 rats (D:1)
26 creatures vanquished.

Notes
Turn   | Place    | Note
--------------------------------------------------------------
     0 | D:1      | drasked, the Troll Monk, began the quest for the Orb.
     0 | D:1      | Reached XP level 1. HP: 22/22 MP: 1/1
   141 | D:1      | Reached XP level 2. HP: 18/29 MP: 1/1
   171 | D:1      | Found a shattered altar of Ashenzari.
   810 | D:2      | Reached skill level 5 in Unarmed Combat
   810 | D:2      | Reached XP level 3. HP: 22/36 MP: 2/2
   813 | D:2      | HP: 5/36 [gnoll/spear (5)]
   817 | D:2      | Slain by a gnoll

Action                   || total
-------------------------++-------
Melee: Unarmed           ||    73
  Eat: Chunk             ||     2

Vault maps used:
D:1:      mrwooster_arrival_statue, evilmike_ruin_ashenzari
D:2:      first_bread, kennysheep_generic_room_16

Table legend:
 A = Turns spent in this place as a percentage of turns spent in the entire game.
 B = Non-inter-level travel turns spent in this place as a percentage of non-inter-level travel turns spent in the entire game.
 C = Inter-level travel turns spent in this place as a percentage of turns spent in this place.
 D = Turns resting spent in this place as a percentage of non-inter-level travel turns spent in this place.
 E = Turns spent auto-exploring this place as a percentage of non-inter-level travel turns spent in this place.
 F = Non-inter-level travel turns spent in this place divided by the number of levels of this place that you've seen.
                   A       B       C       D       E      F
               +-------+-------+-------+-------+-------+----------------------
         Total | 100.0 | 100.0 |   0.8 |   0.0 |   8.5 | 194.0
       Dungeon | 100.0 | 100.0 |   0.8 |   0.0 |   8.5 | 194.0
               +-------+-------+-------+-------+-------+----------------------

Table legend:
 A = Kills in this place as a percentage of kills in entire the game.
 B = Kills by you in this place as a percentage of kills by you in the entire game.
 C = Kills by friends in this place as a percentage of kills by friends in the entire game.
 D = Other kills in this place as a percentage of other kills in the entire game.
 E = Experience gained in this place as a percentage of experience gained in the entire game.
 F = Experience gained in this place divided by the number of levels of this place that you have seen.
                   A       B       C       D       E      F
               +-------+-------+-------+-------+-------+----------------------
         Total | 100.0 | 100.0 |  -nan |  -nan | 100.0 |  33.0
       Dungeon | 100.0 | 100.0 |  -nan |  -nan | 100.0 |  33.0
               +-------+-------+-------+-------+-------+----------------------
